 Dungeon Crawl Stone Soup version 0.31-a0-536-ga3e2962e35 (webtiles) character file.

Game seed: 11740560627327721142

120 Ethylacetat the Ducker (level 5, -5/36 HPs)
             Began as an Octopode Gladiator on Aug 13, 2023.
             Killed by divine providence
             ... invoked by an orc priest
              (17 damage)
             ... on level 4 of the Dungeon.
             The game lasted 00:02:34 (2475 turns).

Ethylacetat the Ducker (Octopode Gladiator)         Turns: 2475, Time: 00:02:35

Health: -5/36      AC:  1    Str: 14    XL:     5   Next: 4%
Magic:  5/5        EV: 19    Int: 10    God:
Gold:   113        SH:  0    Dex: 15    Spells: 4/4 levels left

rFire   . . .        a - +0 long sword
rCold   . . .        (no shield)
rNeg    . . .        b - +0 hat
rPois   .            (no amulet)
rElec   .            p - +5 ring of evasion
rCorr   .            (no ring)
SInv    .            (no ring)
Will    .....        (no ring)
Stlth   +++          (no ring)
HPRegen 0.26/turn    (no ring)
MPRegen 0.09/turn    (no ring)
                     (no ring)

%: no passive effects
@: no status effects
A: almost no armour, amphibious, 8 rings, camouflage 1, gelatinous body 1,
(nimble swimmer 1), tentacles
a: no special abilities


You were on level 4 of the Dungeon.
You visited 1 branch of the dungeon, and saw 4 of its levels.

You collected 113 gold pieces.

Inventory:

Hand Weapons
 a - a +0 long sword (weapon)
Missiles
 c - 3 throwing nets (quivered)
 d - 9 javelins
Armour
 b - a +0 hat (worn)
Jewellery
 p - a +5 ring of evasion (left tentacle)
Scrolls
 e - a scroll of noise {unknown}
 f - 2 scrolls of identify {unknown}
 g - a scroll of acquirement {unknown}
 i - a scroll of teleportation {unknown}
 k - 2 scrolls of enchant weapon {unknown}
 m - a scroll of fear {unknown}
 n - a scroll of immolation {unknown}
Potions
 h - a potion of resistance {unknown}
 j - a potion of might {unknown}
 l - a potion of haste {unknown}
 o - a potion of ambrosia {unknown}


   Skills:
 + Level 3.0 Fighting
 + Level 3.7 Long Blades
 - Level 2.0 Throwing
 + Level 3.8 Dodging
 + Level 3.0 Stealth


You had 4 spell levels left.
You didn't know any spells.
Your spell library contained the following spells:

 Spells                   Type           Power      Damage    Failure   Level
 Kiss of Death            Conj/Necr      0%         2d5       36%         1
 Confusing Touch          Hex            0%         N/A       75%         3
 Dispel Undead            Necr           0%         3d6       98%         4


Dungeon Overview and Level Annotations

Branches:
Dungeon (4/15)
 Temple: D:4-7

Altars:
Ru

Annotations:
D:3 3 runed translucent doors, Scrael's ghost, amateur MiFi


Innate Abilities, Weirdness & Mutations

You cannot wear most types of armour.
You are amphibious.
You can wear up to eight rings at the same time.
Your skin changes colour to match your surroundings (Stealth+).
Your rubbery body absorbs attacks. (AC +1, EV +1)
((You are camouflaged when in or above water. (Stealth+)))
You have tentacles for arms and can constrict up to eight enemies at once.


Message History

An orc priest comes into view. It is wielding a +0 flail.
Found an emerald potion.
An orc warrior and an orc priest come into view.
The orc warrior shouts!
An orc priest comes into view. It is wielding a +0 club.
The orc priest moves out of view.
An orc comes into view. It is wielding a +0 falchion.
The orc priest shouts!
The orc shouts!
You hear a shout! x3
You closely miss the orc warrior.
The orc priest shouts!
Your grab misses the orc warrior.
You squeeze the orc warrior, but do no damage.
You hear a shout!
The orc warrior completely misses you.
You hit the orc warrior. You grab the orc warrior.
Your squeeze misses the orc warrior.
The orc warrior is lightly wounded.
You constrict the orc warrior, but do no damage.
The orc warrior completely misses you.
You hit the orc warrior but do no damage.
You squeeze the orc warrior, but do no damage.
The orc warrior is lightly wounded.
You constrict the orc warrior, but do no damage.
The orc warrior completely misses you.
The orc priest begins to cast a cantrip, but forgets the words!
The orc priest miscasts a cantrip.
Okay, then.
You hit the orc warrior but do no damage.
The orc warrior is lightly wounded.
You constrict the orc warrior.
The orc warrior hits you with a +0 long sword!
You hit the orc warrior but do no damage.
You squeeze the orc warrior.
The orc warrior is moderately wounded.
You constrict the orc warrior.
The orc warrior hits you with a +0 long sword!
The orc priest calls down the wrath of Beogh upon you.
Beogh smites you!
You die...

#.##..#
#.##..###
###.##.....
#.....#.###
..###.$...#.#
............#
#.###.....###
#.....#
###@### #o#
#o#


#oo #.. #.## #.# #.# You could see an orc warrior, 2 orc priests and an orc.

Vanquished Creatures
  An orc wizard (D:3)
  2 adders (D:3)
  2 dart slugs (D:1)
  8 orcs (D:3)
  4 endoplasms
  3 giant cockroaches
  8 goblins
  4 hobgoblins
  A quokka (D:2)
  6 ball pythons
  4 bats
  9 frilled lizards
  6 kobolds
  5 rats
63 creatures vanquished.

Notes
Turn   | Place    | Note
-------+----------+-------------------------------------------
     0 | D:1      | Ethylacetat the Octopode Gladiator began the quest for the
                  | Orb.
     0 | D:1      | Reached XP level 1. HP: 14/14 MP: 1/1
   101 | D:1      | Reached skill level 1 in Stealth
   101 | D:1      | Reached XP level 2. HP: 3/19 MP: 2/2
   558 | D:1      | Reached XP level 3. HP: 22/25 MP: 3/3
  1604 | D:3      | Reached XP level 4. HP: 26/30 MP: 4/4
  1995 | D:3      | Reached XP level 5. HP: 36/36 MP: 5/5
  2292 | D:3      | Found a faded altar of an unknown god.
  2336 | D:3      | Found a sacrificial altar of Ru.
  2374 | D:3      | Found a runed translucent gate.
  2375 | D:3      | Found a runed translucent gate.
  2376 | D:3      | Found a runed translucent gate.
  2376 | D:3      | Noticed Scrael's ghost (amateur MiFi)
  2466 | D:4      | Noticed an orc warrior
  2475 | D:4      | Killed from afar by an orc priest

Illustrated notes

Levels and vault maps discovered:
D:1:      dpeg_arrival_simpleton_c, layout_loops_ring
D:2:      layout_loops_cross
D:3:      layout_basic, nicolae_ru_path_of_blood, biasface_ghost_orc_armoury,
          shapermc_ecumenical_altar_acropolis
D:4:      layout_loops_ring, minmay_temple_entry_slanted, serial_shops, shop,
          uniq_menkaure, uniq_robin

Skill      XL: |  1  2  3  4  5 |
---------------+----------------+-----
Stealth        | 1 2 3 |  3.0
Fighting       | 3 |  3.0
Long Blades    | |  3.7
Throwing       | |  2.0
Dodging        | |  3.8

Action                     |  1- 3 |  4- 6 || total
---------------------------+-------+-------++-------
  Melee: Long sword        |    68 |    53 ||   121
         Constrict         |    19 |    10 ||    29
         Tentacles         |     7 |    10 ||    17
   Stab: Sleeping          |     7 |     6 ||    13
 Armour: Skin              |     6 |     1 ||     7
  Dodge: Dodged            |    51 |    39 ||    90

Table legend: (Time is in decaauts)
 A = Elapsed time spent in this place.
 B = Non-inter-level travel time spent in this place.
 C = Inter-level travel time spent in this place.
 D = Time resting spent in this place.
 E = Time spent auto-exploring this place.
 F = Levels seen in this place.
 G = Mean time per level.
                   A        B        C        D        E       F      G
               +--------+--------+--------+--------+--------+-----+--------+
         Total |   2501 |   2392 |    109 |      0 |   1958 |   4 |  625.2 |
       Dungeon |   2501 |   2392 |    109 |      0 |   1958 |   4 |  625.2 |
               +--------+--------+--------+--------+--------+-----+--------+

Top non-repeatable levels by time:
     D:1: 1002 daAuts
     D:3: 883 daAuts
     D:2: 591 daAuts
     D:4: 24 daAuts
